 Dungeon Crawl Stone Soup version 0.31-a0-251-gdc1e01ee57 (webtiles) character file.

Game seed: 10367211652488123896

57 qw the Shooter (level 3, -2/29 HPs)
             Began as a Minotaur Hexslinger on July 12, 2023.
             Slain by an adder (4 damage)
             ... on level 2 of the Dungeon.
             The game lasted 00:00:34 (825 turns).

qw the Shooter (Minotaur Hexslinger)                 Turns: 825, Time: 00:00:35

Health: -2/29      AC:  5    Str: 12    XL:     3   Next: 73%
Magic:  3/3        EV: 11    Int: 10    God:
Gold:   84         SH:  0    Dex: 14    Spells: 3/4 levels left

rFire   . . .        Y - +1 sling
rCold   . . .        (no shield)
rNeg    . . .        j - +0 ring mail
rPois   .            (helmet restricted)
rElec   .            (no cloak)
rCorr   .            (no gloves)
SInv    .            (no boots)
Will    .....        (no amulet)
Stlth   +            (no ring)
HPRegen 0.24/turn    (no ring)
MPRegen 0.08/turn

%: no passive effects
@: lethally poisoned (-2 -> -5)
A: horns 2, retaliatory headbutt
a: no special abilities


You were on level 2 of the Dungeon.
You visited 1 branch of the dungeon, and saw 2 of its levels.

You collected 84 gold pieces.


Innate Abilities, Weirdness & Mutations

You have a pair of horns on your head.
You reflexively headbutt those who attack you in melee.


   Skills:
 - Level 2.0 Fighting
 + Level 4.0 Ranged Weapons
 - Level 1.2 Armour
 - Level 2.1 Dodging
 - Level 1.0 Spellcasting
 - Level 2.0 Hexes


You had 3 spell levels left.
You knew the following spells:

 Your Spells              Type           Power      Damage    Failure   Level
a - Slow                  Hex            16%        N/A       34%         1

Your spell library contained the following spells:

 Spells                   Type           Power      Damage    Failure   Level
 Inner Flame              Hex/Fire       2%         N/A       83%         3
 Portal Projectile        Hex/Tloc       4%         N/A       83%         3
 Cause Fear               Hex            2%         N/A       98%         4

Inventory:

Hand Weapons
 Y - a +1 sling (weapon)
Armour
 j - a +0 ring mail (worn)
Potions
 a - a potion of attraction {unknown}
 f - a potion of enlightenment {unknown}
 g - 2 potions of ambrosia {unknown}
 k - a potion of degeneration {unknown}
 l - 2 potions of brilliance {unknown}

Dungeon Overview and Level Annotations

Branches:
Dungeon (2/15)

Altars:


Message History

You kill the kobold!
You shoot a sling bullet.
The sling bullet barely misses the adder.
You shoot a sling bullet.
The sling bullet closely misses the adder.
You shoot a sling bullet. The sling bullet misses the adder.
The adder barely misses you. The adder misses you.
You shoot a sling bullet.
The sling bullet barely misses the adder.
The adder bites you.
You are poisoned.
The adder poisons you! The adder closely misses you.
You shoot a sling bullet. The sling bullet hits the adder.
The adder is lightly wounded.
You feel sick. The adder closely misses you.
You shoot a sling bullet.
The sling bullet barely misses the adder.
You feel sick. The adder bites you.
You are more poisoned.
The adder poisons you! The adder bites you.
You shoot a sling bullet.
The sling bullet barely misses the adder.
You feel very sick. The adder bites you. x2
You are lethally poisoned!
The adder poisons you!
You shoot a sling bullet. The sling bullet misses the adder.
You feel very sick. The adder closely misses you.
The adder bites you but does no damage.
You shoot a sling bullet. The sling bullet misses the adder.
You feel sick. The adder misses you.
You shoot a sling bullet.
The sling bullet closely misses the adder.
You feel sick. The adder misses you. The adder bites you.
You shoot a sling bullet.
The sling bullet barely misses the adder.
You feel sick. The adder barely misses you. You furiously retaliate!
You headbutt the adder, but do no damage.
The adder bites you.
You die...

#.# ####.#...#.#. #.#
#....#.#.#... #.#
#.####.#.#### #.#
#.#....#....#
#.#####.###.'.#######.#
.........##.#....#....#
.#.#.###.....####.#.####
.....###.#.#....#[#.#...
#..S@.#.####.#...#...
#.......#.# #.##'##..#
...#.#..##.. #........#
. .....#####...........#
.....#. #############
....... #######


You could see an adder.

Vanquished Creatures
  An adder (D:2)
  A worm (D:2)
  4 ball pythons
  8 endoplasms (D:1)
  5 hobgoblins
  2 quokkas (D:1)
  8 bats
  5 frilled lizards
  2 goblins (D:1)
  4 kobolds
  3 rats (D:1)
43 creatures vanquished.

Notes
Turn   | Place    | Note
-------+----------+-------------------------------------------
     0 | D:1      | qw the Minotaur Hexslinger began the quest for the Orb.
     0 | D:1      | Reached XP level 1. HP: 16/16 MP: 1/1
     0 | D:1      | 0 ||| qw: Version: 0.3-a-52-g30416fa
     0 | D:1      | 0 ||| qw: Game counter: 6581
     0 | D:1      | 0 ||| qw: Melee chars always use a shield: true
     0 | D:1      | 0 ||| qw: God list: Okawaru
     0 | D:1      | 0 ||| qw: Allow faded altars: false
     0 | D:1      | 0 ||| qw: Do Orc after clearing Dungeon:15 true
     0 | D:1      | 0 ||| qw: Do second Lair branch before Depths: true
     0 | D:1      | 0 ||| qw: Lair rune preference: random
     0 | D:1      | 0 ||| qw: Goals: Normal
     0 | D:1      | 0 ||| PLANNING D:1-11
   116 | D:1      | Reached skill level 3 in Ranged Weapons
   120 | D:1      | Reached XP level 2. HP: 23/23 MP: 2/2
   332 | D:1      | Reached XP level 3. HP: 29/29 MP: 3/3
   495 | D:1      | 495 ||| UPGRADING to +0 ring mail.
   505 | D:1      | 505 ||| DROPPING +0 robe.
   506 | D:1      | 506 ||| READING scroll labelled ZEUNUY XOXA.
   509 | D:1      | 509 ||| READING 2 scrolls labelled GAXTAULUEZ.
   510 | D:1      | 510 ||| READING scroll labelled XAMESK WIGUWNE.
   511 | D:1      | 511 ||| READING scroll labelled ZOETSO YTHUIJ.
   512 | D:1      | 512 ||| DROPPING scroll of poison.
   513 | D:1      | 513 ||| DROPPING scroll of fear.
   599 | D:2      | Reached skill level 4 in Ranged Weapons
   665 | D:2      | Reached skill level 1 in Armour
   689 | D:2      | Noticed a floating eye
   692 | D:2      | Noticed a great orb of eyes
   695 | D:2      | Found a faded altar of an unknown god.
   699 | D:2      | Noticed a golden eye
   699 | D:2      | Noticed a shining eye
   823 | D:2      | HP: 6/29 [poisoned by an adder]
   825 | D:2      | HP: 2/29 [poisoned by an adder]
   825 | D:2      | Slain by an adder

Levels and vault maps discovered:
D:1:      tarquinn_simple_flora_water_b, layout_rooms, amcnicky_mini_pool_small
D:2:      layout_loops_ring, hellmonk_ecumenical_altar_watching_god,
          glass_columns_b, hangedman_decor_points,
          chequers_serial_rivers_room_a, roderic_filled_cross,
          serial_park_tiny_1, minmay_pentomino_u2

Skill      XL: |  1  2  3 |
---------------+----------+-----
Ranged Weapons | 3 4 |  4.0
Fighting       | 2 |  2.0
Armour         | 1 |  1.2
Dodging        | |  2.1
Spellcasting   | |  1.0
Hexes          | |  2.0

Action                     || total
---------------------------++-------
   Fire: Sling             ||   139
    Use: Scroll            ||     4
 Armour: Robe              ||     3
         Ring mail         ||     6
  Dodge: Dodged            ||    27

Table legend:
 A = Non-vault XP
 B = Vault XP
 C = Vault XP percentage of total XP
 D = Non-vault monster count
 E = Vault monster count
 F = Vault count percentage of total count
                 A         B        C        D         E       F
            +---------+---------+-------+---------+---------+-------
      Total |      78 |       4 |   4.9 |      41 |       2 |   4.7
            +---------+---------+-------+---------+---------+-------
        D:1 |      46 |       0 |   0.0 |      30 |       0 |   0.0
        D:2 |      32 |       4 |  11.1 |      11 |       2 |  15.4
            +---------+---------+-------+---------+---------+-------
